 Dungeon Crawl Stone Soup version 0.19-a0-1008-g4c63d25 (webtiles) character file.

53 epen the Firebug (level 3, -5/28 HPs)
             Began as a Draconian Fire Elementalist on July 22, 2016.
             Killed from afar by an orc wizard (8 damage)
             ... with a puff of flame
             ... on level 3 of the Dungeon.
             The game lasted 00:03:41 (1703 turns).

epen the Firebug (Draconian Fire Elementalist)      Turns: 1703, Time: 00:03:42

Health: -5/28      AC:  5    Str: 10    XL:     3   Next: 64%
Magic:  1/7        EV: 12    Int: 21    God:
Gold:   123        SH:  0    Dex: 11    Spells: 3 memorised, 1 level left

rFire  . . .     SeeInvis .     j - +3 whip
rCold  . . .     Gourm    .     (armour unavailable)
rNeg   . . .     Faith    .     (no shield)
rPois  .         Spirit   .     (helmet restricted)
rElec  .         Dismiss  .     (no cloak)
rCorr  .         Reflect  .     (no gloves)
SustAt .         Harm     .     (no boots)
MR     +....                    (no amulet)
Stlth  ++........               (no ring)
                                k - ring of protection from magic

@: brilliant, somewhat resistant to hostile enchantments, unstealthy
A: unfitting armour, cold-blooded, AC +5
a: no special abilities


You were on level 3 of the Dungeon.
You were not hungry.

You visited 1 branch of the dungeon, and saw 3 of its levels.

You collected 123 gold pieces.

Inventory:

Hand Weapons
 d - a +0 short sword
 j - a +3 whip (weapon)
Jewellery
 k - a ring of protection from magic (left hand)
 o - an uncursed ring of sustain attributes {unknown}
Scrolls
 c - a scroll of immolation {unknown}
 e - 2 scrolls of enchant weapon {unknown}
 h - a scroll of recharging {unknown}
 i - 2 scrolls of identify {unknown}
 m - a scroll of remove curse {unknown}
 n - a scroll of blinking {unknown}
Potions
 f - 2 potions of brilliance
Books
 a - a book of Flames

   Spells                             Type                      Level
   a - Flame Tongue                   Conjuration/Fire             1
   b - Throw Flame                    Conjuration/Fire             2
   c - Conjure Flame                  Conjuration/Fire             3
   d - Inner Flame                    Hexes/Fire                   3
   e - Sticky Flame                   Conjuration/Fire             4
   f - Fireball                       Conjuration/Fire             5
Comestibles
 b - 2 bread rations
 g - a meat ration


   Skills:
 + Level 1.2 Fighting
 + Level 2.1 Dodging
 - Level 1.7 Stealth
 * Level 2.7 Spellcasting
 + Level 1.8 Conjurations
 * Level 3.2 Fire Magic


You had one spell level left.
You knew the following spells:

 Your Spells              Type           Power        Failure   Level  Hunger
a - Flame Tongue          Conj/Fire      ####.        1%          1    None
b - Throw Flame           Conj/Fire      ####..       1%          2    ##.....
c - Conjure Flame         Conj/Fire      ####....     2%          3    ###....


Dungeon Overview and Level Annotations

Branches:
Dungeon (3/15)

Altars:

Portals:
Sewer: D:3


Innate Abilities, Weirdness & Mutations

Your plain brown scales are hard. (AC +5)
Your body does not fit into most forms of armour.
You are cold-blooded and may be slowed by cold attacks.


Message History

* * * LOW HITPOINT WARNING * * *
An orc wizard appears from thin air!
Reactivating autopickup.
Found a chain mail.
Found a stone staircase leading down.
It was a potion of brilliance.
You feel clever all of a sudden.
The giant cockroach waves its antennae.
The orc wizard gestures at you while chanting.
You resist with almost no effort.
Casting: Flame Tongue
Confirm with . or Enter, or press ? or * to list all spells.
Aiming: Flame Tongue
Press: ? - help, Shift-Dir - straight line, f - orc wizard
Aim: an orc wizard, wielding a dagger and wearing a robe (severely wounded)
The flame tongue hits the orc wizard.
The orc wizard is almost dead.
The orc wizard points at you and mumbles some strange words.
The puff of flame hits you!
You die...

##..##..#####.# #.. ..
........# #)# #.# #.
..#####.#####)### #.# #.
..#≈≈≈#g##......###.###.
#.#≈≈≈#.##......#..).##.
#.#≈∩≈#.#.............#.
..#≈≈s#o#.......#...(##.
#.#ssS#.#.###...........
#.##+##@#. #####....##.
#...........>.. +.(..##.
##..##....##### #....###
#... #...... #....# #.#
#....### #.#### #.
...... #. #[.#.## #.
...#.#


You could see an orc wizard, an adder, 3 giant cockroaches and a hobgoblin.

Vanquished Creatures
  2 oozes (D:2)
  A worm (D:2)
  A dart slug (D:1)
  2 giant geckos (D:1)
  2 orcs (D:3)
  2 giant cockroaches
  A goblin (D:1)
  7 hobgoblins
  2 jackals (D:2)
  2 bats
  3 giant newts
  4 kobolds
  7 rats
36 creatures vanquished.

Notes
Turn   | Place    | Note
-------+----------+-------------------------------------------
     0 | D:1      | epen the Draconian Fire Elementalist began the quest for the Orb.
     0 | D:1      | Reached XP level 1. HP: 14/14 MP: 3/3
   256 | D:1      | Reached XP level 2. HP: 16/20 MP: 1/5
   276 | D:1      | Learned a level 2 spell: Throw Flame
  1194 | D:2      | Reached XP level 3. HP: 24/27 MP: 1/6
  1199 | D:2      | Learned a level 3 spell: Conjure Flame
  1494 | D:2      | Reached skill level 1 in Fighting
  1691 | D:3      | Found a glowing drain.
  1703 | D:3      | Killed from afar by an orc wizard

Vault maps used:
D:1:      eino_arrival_water_cross
D:3:      first_bread, gup_sewer_entry_glass

Skill      XL: |  1  2  3 |
---------------+----------+-----
Dodging        | 2 |  2.1
Fighting       | 1 |  1.2
Stealth        | |  1.7
Spellcasting   | |  2.7
Conjurations   | |  1.8
Fire Magic     | |  3.2

Action                   || total
-------------------------++-------
Melee: Unarmed           ||    12
       Tailslap          ||     5
       Short sword       ||    20
       Whip              ||    22
 Cast: Flame Tongue      ||    49
  Use: Potion            ||     1
 Stab: Sleeping          ||     1
  Eat: Chunk             ||     3
Armor: Skin              ||    34
Dodge: Dodged            ||    52
